 Dungeon Crawl Stone Soup version 0.18-a0-1788-g92de1ac (webtiles) character file.

611 LernaeanJelly the Chiller (level 7, -2/48 HPs)
             Began as a Mummy Wanderer on Apr 19, 2016.
             Slain by a sixfirhy (5 damage)
             ... summoned by Xom
             ... on level 5 of the Dungeon.
             The game lasted 00:16:54 (6279 turns).

LernaeanJelly the Chiller (Mummy Wanderer)          Turns: 6279, Time: 00:16:54

Health: -2/48      AC:  1    Str: 14    XL:     7   Next: 20%
Magic:  2/11       EV: 13    Int: 14    God:    Xom [......]
Gold:   297        SH:  0    Dex: 12    Spells: 2 memorised, 8 levels left

rFire  x . .     SeeInvis .     j - +1 dagger (venom)
rCold  + . .     Gourm    .     q - +0 leather armour (curse)
rNeg   + + +     Faith    .     (no shield)
rPois  ∞         Spirit   .     (no helmet)
rElec  .         Dismiss  .     (no cloak)
rCorr  .         Reflect  .     (no gloves)
SustAt .         Harm     .     (no boots)
MR     .....                    (no amulet)
Stlth  +.........               m - +2 ring of evasion
                                s - -2 ring of protection (curse)

@: not resistant to hostile enchantments, very unstealthy
A: no food or potions, fire vulnerability, cold resistance 1, negative energy
resistance 3, torment resistance, unbreathing
a: Renounce Religion


You were on level 5 of the Dungeon.
You worshipped Xom.
You were a very special plaything of Xom.
You were not hungry.

You visited 2 branches of the dungeon, and saw 6 of its levels.

You collected 297 gold pieces.

Inventory:

Hand Weapons
 a - a +2 spear
 i - a +0 whip of pain
   (You took it off a kobold on level 2 of the Dungeon)
 j - a +1 dagger of venom (weapon)
   (You took it off a goblin on level 2 of the Dungeon)
Missiles
 l - 7 exploding tomahawks (quivered)
Armour
 d - a +1 robe
 q - a cursed +0 leather armour (worn)
   (You found it on level 4 of the Dungeon)
Jewellery
 m - a +2 ring of evasion (right hand)
   (You found it on level 3 of the Dungeon)
 s - a cursed -2 ring of protection (left hand)
   (You found it on level 4 of the Dungeon)
Wands
 c - a wand of digging (0/24)
   (You found it on level 3 of the Dungeon)
Scrolls
 h - a scroll of amnesia
 k - a scroll of enchant armour
Books
 b - the Guide on the Frostbite

   Spells                             Type                      Level
   a - Freeze                         Ice                          1
   b - Ozocubu's Armour               Charms/Ice                   3


   Skills:
 - Level 1.0 Fighting
 - Level 1.5 Dodging
 - Level 1.0 Stealth
   Level 1.0 Shields
 - Level 3.2 Spellcasting
   Level 3.2 Conjurations
   Level 1.0 Summonings
 * Level 5.4 Ice Magic


You had 8 spell levels left.
You knew the following spells:

 Your Spells              Type           Power        Failure   Level  Hunger
a - Freeze                Ice            ###.         3%          1    N/A
v - Ozocubu's Armour      Chrm/Ice       #.......     28%         3    N/A

Dungeon Overview and Level Annotations

Branches:
Dungeon (5/15)             Temple (1/1) D:4

Altars:
Ashenzari
Cheibriados
Dithmenos
Elyvilon
Gozag
Kikubaaqudgha
Makhleb
Nemelex Xobeh
Pakellas
Ru
Sif Muna
Vehumet
Xom
Yredelemnul
The Shining One

Annotations:
D:5 JetFlynn's ghost, novice CeHu


Innate Abilities, Weirdness & Mutations

You do not eat or drink.
Your flesh is vulnerable to fire.
You are immune to poison.
Your flesh is cold resistant.
You are immune to negative energy.
You are immune to unholy pain and torment.
You can survive without breathing.


Message History

You start waiting.
The centaur wields a shortbow.
The centaur shoots an arrow.
The arrow hits you!
You see here an arrow.
You take 9 damage, and have 34/43 hp.
MASSIVE DAMAGE!! "This might be better!"
The centaur evaporates and reforms as a wyvern!
The wyvern barely misses you.
An adder comes into view.
Unknown command.
Aim: a wyvern You freeze the wyvern.
The wyvern closely misses you.
You now have 9/10 mp.
Aim: a wyvern (lightly wounded)
You freeze the wyvern.
The area is suffused with divine lightning!
The blast of lightning engulfs you! You resist.
* * * LOW HITPOINT WARNING * * *
The blast of lightning engulfs the wyvern.
The wyvern dies!
The centaur returns to its original shape as it dies.
You have reached level 7!
Your divine protection wanes.
You hear a croak.
You hear a shout! x3
You take 12 damage, and have 22/48 hp.
MASSIVE DAMAGE!!
You now have 8/11 mp.
You are too injured to fight recklessly!
Unknown command.
Unknown command.
Unknown command.
You see here an arrow.
Unknown command.
Aim: an adder You freeze the adder.
The adder seems to slow down.
The adder bites you.
* * * LOW HITPOINT WARNING * * *
A giant frog comes into view.
You take 3 damage, and have 20/48 hp.
You now have 7/11 mp.
Unknown command.
Aim: an adder (severely wounded, slow)
You freeze the adder.
You kill the adder!
You now have 6/11 mp.
Unknown command.
Aim: a giant frog You freeze the giant frog.
The giant frog seems to slow down.
The giant frog barely misses you.
You now have 5/11 mp.
Unknown command.
Aim: a giant frog (moderately wounded, slow)
You freeze the giant frog. The giant frog hits you.
* * * LOW HITPOINT WARNING * * *
You take 6 damage, and have 14/48 hp.
You now have 4/11 mp.
Aim: a giant frog (heavily wounded, slow)
You freeze the giant frog.
The giant frog seems to slow down.
The giant frog closely misses you.
Unknown command.
Aim: a giant frog (almost dead, slow)
You freeze the giant frog.
You kill the giant frog!
You feel your intelligence returning.
You now have 3/11 mp.
Unknown command.
You see here an adder corpse.
You butcher the adder corpse.
You see here 2 chunks of flesh {@w0}.
Xom's power touches on you for a moment.
Venomous gases pour from your feet!
You see here a giant frog corpse.
You butcher the giant frog corpse.
You see here 3 chunks of flesh {@w0}.
Unknown command.
There isn't anything to butcher here.
JetFlynn's ghost (novice Centaur Hunter) comes into view.
Items here: ! ( ) ? † a shortbow; 23 arrows; a glowing golden potion; a scroll of identify a centaur corpse You see here 2 chunks of flesh {@w0}.
You see here an arrow.
You start resting. "Time to have some fun!"
You regained 2 hp, and now have 18/48 hp.
Unknown command.
Unknown command.
Here: a sixfirhy (summoned)
The floor.
Aim: a sixfirhy (summoned)
You freeze the sixfirhy.
You now have 4/11 mp.
Aim: a sixfirhy (summoned)
You freeze the sixfirhy.
You now have 3/11 mp.
Unknown command.
Aim: a sixfirhy (moderately wounded, summoned)
You freeze the sixfirhy. The sixfirhy hits you!
* * * LOW HITPOINT WARNING * * *
The sixfirhy shocks you!
* * * LOW HITPOINT WARNING * * *
The sixfirhy hits you.
You die...

.. #.# #.# #.# #.
#.# #. #.# ##
#.#######.####
#W...§(#4.......#
#.#.#.#@###.##.#
#..#§#5##...#.#
#§#§#.#......##
## #§§(.........#
#.
#§###.###.##.##
#[ #.# #.# #.##.#
# ##. #.#
#.###.##.# . #.<
#.# #........#
##. #.# ##
####...###
#..##.#


You could see a sixfirhy and a white imp.

Vanquished Creatures
  Eustachio (D:4)
  Duvessa (D:4)
  A giant frog (D:5)
  Dowan (D:4)
  2 worker ants
  An orc wizard (D:3)
  A howler monkey skeleton (D:4)
  5 adders
  An ooze (D:1)
  A worm (D:2)
  A dart slug (D:1)
  A giant gecko (D:1)
  7 orcs
  4 ball pythons
  11 bats
  A bat zombie (D:3)
  2 giant cockroaches
  9 goblins
  9 hobgoblins
  11 kobolds
  3 giant newts (D:1)
  9 rats
  2 rat zombies (D:3)
85 creatures vanquished.

Vanquished Creatures (others)
  A wyvern (D:5)
1 creature vanquished.

Grand Total: 86 creatures vanquished

Notes
Turn   | Place    | Note
--------------------------------------------------------------
     0 | D:1      | LernaeanJelly the Mummy Wanderer began the quest for the Orb.
     0 | D:1      | LernaeanJelly set off with: a +2 spear, the Guide on the Frostbite, a scroll of teleportation, a +0 robe
     0 | D:1      | Reached XP level 1. HP: 15/15 MP: 1/1
     0 | D:1      | Identified the Guide on the Frostbite
    89 | D:1      | Reached skill level 1 in Spellcasting
   311 | D:1      | Reached XP level 2. HP: 21/21 MP: 4/4
   511 | D:1      | Learned a level 1 spell: Freeze
   712 | D:1      | HP: 5/21 [goblin/mace (4)]
   715 | D:1      | Reached skill level 2 in Spellcasting
   808 | D:1      | HP: 3/21 [ooze (3)]
   965 | D:1      | Reached XP level 3. HP: 13/26 MP: 3/6
  1348 | D:1      | Reached skill level 1 in Ice Magic
  2321 | D:2      | Reached XP level 4. HP: 26/32 MP: 2/7
  3332 | D:3      | Found an oddly glowing altar of Pakellas.
  3699 | D:3      | Reached skill level 2 in Ice Magic
  3739 | D:3      | Reached skill level 3 in Spellcasting
  3944 | D:3      | Reached XP level 5. HP: 37/37 MP: 4/9
  4090 | D:3      | Found an ancient bone altar of Kikubaaqudgha.
  4196 | D:3      | Learned a level 3 spell: Ozocubu's Armour
  4235 | D:4      | Found a basalt altar of Yredelemnul.
  4429 | D:4      | Found a staircase to the Ecumenical Temple.
  4440 | Temple   | Entered the Ecumenical Temple
  4495 | Temple   | Became a worshipper of Xom of Chaos
  4698 | D:4      | Noticed Eustachio
  4733 | D:4      | XOM: confusion
  4741 | D:4      | Killed Eustachio
  4741 | D:4      | Reached skill level 4 in Ice Magic
  4741 | D:4      | Reached XP level 6. HP: 24/43 MP: 0/10
  4957 | D:4      | XOM: scenery: 2 doors open
  4999 | D:4      | XOM: 4-stop teleportation journey
  5191 | D:4      | XOM: 2-stop teleportation journey
  5293 | D:4      | XOM: mild Air miscast
  5323 | D:4      | Noticed Dowan
  5324 | D:4      | Noticed Duvessa
  5342 | D:4      | XOM: divination: detect items
  5350 | D:4      | HP: 9/43 [Duvessa/short sword (17)]
  5351 | D:4      | XOM: potion effect (heal wounds)
  5358 | D:4      | Killed Duvessa
  5678 | D:4      | Killed Dowan
  5678 | D:4      | Reached skill level 5 in Ice Magic
  5686 | D:4      | XOM: stat loss: -1 Int (13/14)
  5859 | D:5      | Entered Level 5 of the Dungeon
  5909 | D:5      | XOM: summons 3 hostile shadow creatures
  5935 | D:5      | HP: 10/43 [something (4)]
  6247 | D:5      | Noticed a wyvern
  6247 | D:5      | a centaur changed into a wyvern
  6247 | D:5      | XOM: polymorph centaur -> wyvern
  6249 | D:5      | Killed a wyvern
  6249 | D:5      | Reached XP level 7. HP: 22/48 MP: 8/11
  6249 | D:5      | XOM: divine lightning (protected)
  6259 | D:5      | XOM: medium Air miscast
  6262 | D:5      | Noticed JetFlynn's ghost (novice CeHu)
  6276 | D:5      | XOM: summons 2 hostile demons
  6277 | D:5      | Noticed a sixfirhy
  6279 | D:5      | HP: 11/48 [sixfirhy[Xom] (7)]
  6279 | D:5      | HP: 3/48 [sixfirhy[Xom] (8)]
  6279 | D:5      | Slain by a sixfirhy

Vault maps used:
D:1:      onia_arrival_handbag, minmay_misc_feat_five
D:2:      first_bread, kennysheep_generic_room_4
D:3:      lemuel_zombie_altar_kikubaaqudgha, johnstein_pakellas_dig
D:4:      overflow_temple_1_default, minmay_temple_entry_overgrown,
          uniq_eustachio, uniq_duvessa
D:5:      minmay_misc_feat_x, nicolae_ru_the_path_less_chosen
Temple:   water_room_temple_b_12

Skill      XL: |  1  2  3  4  5  6 |
---------------+-------------------+-----
Spellcasting   | 1 2 3 |  3.2
Ice Magic      | 1 2 4 5 |  5.4
Fighting       | |  1.0
Dodging        | |  1.5
Stealth        | |  1.0
Shields        | |  1.0
Conjurations   | |  3.2
Summonings     | |  1.0

Action                   |  1- 3 |  4- 6 |  7- 9 || total
-------------------------+-------+-------+-------++-------
Melee: Spear             |    85 |     1 |       ||    86
       Dagger            |       |    68 |       ||    68
 Cast: Freeze            |    50 |   119 |     9 ||   178
Evoke: Wand              |       |     1 |       ||     1
  Use: Scroll            |     1 |    11 |       ||    12
Armor: Robe              |    24 |     8 |       ||    32
       Leather armour    |       |    42 |       ||    42
Dodge: Dodged            |    91 |   117 |     2 ||   210

Vault maps used:
D:1:      onia_arrival_handbag, minmay_misc_feat_five
D:2:      first_bread, kennysheep_generic_room_4
D:3:      lemuel_zombie_altar_kikubaaqudgha, johnstein_pakellas_dig
D:4:      overflow_temple_1_default, minmay_temple_entry_overgrown,
          uniq_eustachio, uniq_duvessa
D:5:      minmay_misc_feat_x, nicolae_ru_the_path_less_chosen
Temple:   water_room_temple_b_12

Table legend:
 A = Turns spent in this place as a percentage of turns spent in the entire game.
 B = Non-inter-level travel turns spent in this place as a percentage of non-inter-level travel turns spent in the entire game.
 C = Inter-level travel turns spent in this place as a percentage of turns spent in this place.
 D = Turns resting spent in this place as a percentage of non-inter-level travel turns spent in this place.
 E = Turns spent auto-exploring this place as a percentage of non-inter-level travel turns spent in this place.
 F = Non-inter-level travel turns spent in this place divided by the number of levels of this place that you've seen.
                   A       B       C       D       E      F
               +-------+-------+-------+-------+-------+----------------------
         Total | 100.0 | 100.0 |   0.3 |  14.5 |  10.1 | 398.5
       Dungeon |  99.0 |  99.0 |   0.3 |  14.6 |   9.8 | 473.6
        Temple |   1.0 |   1.0 |   4.2 |   0.0 |  39.1 |  23.0
               +-------+-------+-------+-------+-------+----------------------

Table legend:
 A = Kills in this place as a percentage of kills in entire the game.
 B = Kills by you in this place as a percentage of kills by you in the entire game.
 C = Kills by friends in this place as a percentage of kills by friends in the entire game.
 D = Other kills in this place as a percentage of other kills in the entire game.
 E = Experience gained in this place as a percentage of experience gained in the entire game.
 F = Experience gained in this place divided by the number of levels of this place that you have seen.
                   A       B       C       D       E      F
               +-------+-------+-------+-------+-------+----------------------
         Total | 100.0 | 100.0 |  -nan | 100.0 | 100.0 | 145.7
       Dungeon | 100.0 | 100.0 |  -nan | 100.0 | 100.0 | 174.8
               +-------+-------+-------+-------+-------+----------------------
